AoeStats
← O grande

Arabia

508673324Analyzed
1v1 RM · 8d ago on Sep 23, 2026· 35m 14s· 2 players
Game mode
Random Map
Map size
Tiny (2 player)
Population
200
Speed
Normal
Resources
Standard
Victory
Conquest
Starting age
Dark Age
Ending age
Imperial Age
RankedLock teamsTeams togetherTeam positionsShared explorationLock speedFull tech treeHidden civsTurbo modeCheats
Victory
Defeat
🇧🇷 Vietnamese · Brazil
2114
+22
🇦🇷 Varangians · Argentina
2241
-22
O grande
6:16 Loom
8:46 Feudal Age
9:17 Double-Bit Axe
11:04 Horse Collar
13:48 Town Watch
21:29 Castle Age
20:01 Fletching
20:08 Gold Mining
21:31 Crossbowman
22:07 Bodkin Arrow
23:50 Bow Saw
25:33 Padded Archer Armor
31:07 Wheelbarrow
32:06 Ballistics
31:55 Thumb Ring
36:23 Imperial Age
Y
5:32 Loom
8:47 Feudal Age
9:18 Double-Bit Axe
9:37 Horse Collar
20:26 Castle Age
18:48 Gold Mining
19:27 Forging
20:01 Scale Mail Armor
21:32 Chain Mail Armor
21:19 Squires
21:59 Bow Saw
Connection lost

Rejoining the realm…

Still unreachable

The connection could not be restored.

Session expired

The server has moved on; the page needs a fresh start.